cohdb
Replays
Latest Replays
All Replays
Popular Replays
Top Player Replays
Match Explorer
How It Works
Community
CoH3 Stats
Reddit
Sign in to upload your games and track your stats! →
Sign in with Steam
Match 39168739
Unlisted
Match 39168739
Overview
Messages
Build Orders
End
Construct Barracks
Engineer Squad
Riflemen Squad
Riflemen Squad
Grenade Package
Riflemen Squad
Infantry Support Center
Construct Medical Station
Riflemen Squad
M1918 Browning Automatic Rifles
Construct Tank Depot
M4A1 Sherman Medium Tank
M4A1 Sherman Medium Tank
XuZhongwei
Speedy_Snail
0
0
Comments
sign in to comment!
No comments posted yet!